 Dungeon Crawl Stone Soup version 0.31-a0-237-g2d982f9f85 (webtiles) character file.

Game seed: 1418315621110807838

691 qw the Skirmisher (level 7, 0/59 HPs)
             Began as a Minotaur Hexslinger on July 11, 2023.
             Was an Initiate of Okawaru.
             Slain by an orc warrior
             ... wielding a +0 heavy halberd
              (19 damage)
             ... on level 6 of the Dungeon.
             The game lasted 00:02:11 (5518 turns).

qw the Skirmisher (Minotaur Hexslinger)             Turns: 5518, Time: 00:02:11

Health: 0/59       AC:  6    Str: 12    XL:     7   Next: 36%
Magic:  7/7        EV: 11    Int: 10    God:    Okawaru [......]
Gold:   180        SH:  0    Dex: 15    Spells: 7/8 levels left

rFire   . . .        j - +1 sling (heavy)
rCold   . . .        (no shield)
rNeg    . . .        g - +0 ring mail
rPois   .            (helmet restricted)
rElec   .            b - +0 cloak
rCorr   +            (no gloves)
SInv    .            (no boots)
Will    .....        a - amulet of the acrobat
Stlth   +            e - ring of resist corrosion
HPRegen 0.29/turn    (no ring)
MPRegen 0.10/turn

%: acrobat
@: no status effects
A: horns 2, retaliatory headbutt
a: Renounce Religion


You were on level 6 of the Dungeon.
You worshipped Okawaru.
Okawaru was noncommittal.
You visited 2 branches of the dungeon, and saw 7 of its levels.

You collected 235 gold pieces.
You spent 55 gold pieces at shops.


Innate Abilities, Weirdness & Mutations

You have a pair of horns on your head.
You reflexively headbutt those who attack you in melee.


   Skills:
 + Level 4.0 Fighting
 - Level 8.1 Ranged Weapons
 - Level 2.2 Armour
 - Level 2.1 Dodging
 - Level 1.0 Spellcasting
 - Level 2.0 Hexes


You had 7 spell levels left.
You knew the following spells:

 Your Spells              Type           Power      Damage    Failure   Level
a - Slow                  Hex            16%        N/A       32%         1

Your spell library contained the following spells:

 Spells                   Type           Power      Damage    Failure   Level
 Inner Flame              Hex/Fire       2%         N/A       83%         3
 Portal Projectile        Hex/Tloc       4%         N/A       83%         3
 Cause Fear               Hex            2%         N/A       97%         4

Inventory:

Hand Weapons
 j - a +1 heavy sling (weapon)
Armour
 b - a +0 cloak (worn)
 g - a +0 ring mail (worn)
Jewellery
 a - an amulet of the acrobat (around neck)
 e - a ring of resist corrosion (left hand)
 h - a ring of ice
Scrolls
 i - a scroll of identify
 m - a scroll of brand weapon
Potions
 d - a potion of enlightenment
 f - 2 potions of heal wounds
 k - a potion of cancellation {unknown}
 l - a potion of mutation {unknown}

Dungeon Overview and Level Annotations

Branches:
Dungeon (6/15)             Temple (1/1) D:5

Altars:
Ashenzari
Cheibriados
Dithmenos
Elyvilon
Fedhas
Kikubaaqudgha
Nemelex Xobeh
Okawaru
Qazlal
Ru
Sif Muna
Trog
Vehumet
Wu Jian
Xom
Yredelemnul
Zin
The Shining One

Shops:
D:4 *


Message History

There is an escape hatch in the floor here.
You see here a +0 chain mail.
There is a stone staircase leading down here.
You climb downwards.
Found a club and a green potion.
Found a stone staircase leading up and a stone staircase leading down.
There is a stone staircase leading up here.
Waypoint 6 assigned to D:6.
An orc warrior comes into view. It is wielding a +0 heavy halberd.
Found a ring mail.
The orc warrior shouts!
You hear a shout!
An orc comes into view. It is wielding a +0 dagger.
You shoot a sling bullet. The sling bullet hits the orc warrior.
The orc warrior is lightly wounded.
You shoot a sling bullet.
The sling bullet barely misses the orc warrior.
The sling bullet barely misses the orc.
You hear a shout!
An orc comes into view. It is wielding a +0 dagger.
The orc moves out of view.
You hear an angry hiss.
You shoot a sling bullet. The sling bullet hits the orc warrior.
The orc warrior is moderately wounded.
You shoot a sling bullet. The sling bullet hits the orc warrior.
The orc warrior is heavily wounded.
The orc warrior closely misses you.
An iguana comes into view.
An orc comes into view.
It is wielding a +0 whip, wearing a +1 chain mail of fire resistance and quivering silver boomerangs.
The orc warrior hits you from afar with a +0 heavy halberd!!
You shoot a sling bullet.
The sling bullet hits the orc warrior but does no damage.
The orc warrior is heavily wounded.
An orc comes into view. It is wielding a +0 trident.
The orc warrior hits you from afar with a +0 heavy halberd!!
The orc shouts!
You shoot a sling bullet.
The sling bullet closely misses the orc.
The orc closely misses you.
The orc warrior hits you from afar with a +0 heavy halberd!!
You die...

#.# ###.####
#......#
#......#
#..>...# #
#......# ..##.
#..<...#
[.....#...<..#
#....@.....#
##..)o.....#
##o.......#
.o.!#######
#o#.. #l....
#o#.#. . #.#.


You could see an orc warrior, an iguana and 4 orcs.

Vanquished Creatures
  2 scorpions (D:5)
  A hound (D:5)
  A jelly (D:5)
  An orc priest (D:3)
  Jessica (D:3)
  A sleepcap (D:5)
  4 orc wizards (D:5)
  3 iguanas
  3 adders
  7 gnolls (D:4)
  An ufetubus (D:4)
  A worm (D:3)
  2 dart slugs
  21 orcs
  8 endoplasms
  7 giant cockroaches
  13 goblins
  12 hobgoblins
  5 jackals (D:1)
  14 kobolds
  4 quokkas
  9 ball pythons
  5 bats
  4 frilled lizards
  6 rats
136 creatures vanquished.

Notes
Turn   | Place    | Note
-------+----------+-------------------------------------------
     0 | D:1      | qw the Minotaur Hexslinger began the quest for the Orb.
     0 | D:1      | Reached XP level 1. HP: 16/16 MP: 1/1
     0 | D:1      | 0 ||| qw: Version: 0.3-a-52-g30416fa
     0 | D:1      | 0 ||| qw: Game counter: 5571
     0 | D:1      | 0 ||| qw: Melee chars always use a shield: true
     0 | D:1      | 0 ||| qw: God list: Okawaru
     0 | D:1      | 0 ||| qw: Allow faded altars: false
     0 | D:1      | 0 ||| qw: Do Orc after clearing Dungeon:15 true
     0 | D:1      | 0 ||| qw: Do second Lair branch before Depths: true
     0 | D:1      | 0 ||| qw: Lair rune preference: random
     0 | D:1      | 0 ||| qw: Goals: Normal
     0 | D:1      | 0 ||| PLANNING D:1-11
    87 | D:1      | Reached skill level 3 in Ranged Weapons
   118 | D:1      | Reached XP level 2. HP: 23/23 MP: 2/2
   466 | D:1      | Reached XP level 3. HP: 29/29 MP: 3/3
   777 | D:1      | 777 ||| UPGRADING to +0 ring mail.
   787 | D:1      | 787 ||| DROPPING +0 robe.
   788 | D:1      | 788 ||| READING scroll labelled ASHRIL VOGANWO.
   792 | D:1      | 792 ||| READING scroll labelled XATEFE VEYSAX.
   793 | D:1      | 793 ||| DROPPING scroll of poison.
   817 | D:2      | Reached skill level 4 in Ranged Weapons
   977 | D:2      | Reached skill level 1 in Armour
  1551 | D:2      | 1551 ||| UPGRADING to ring of resist corrosion.
  1552 | D:2      | 1552 ||| READING scroll labelled FUOKOUVENIGG.
  1553 | D:2      | 1553 ||| DRINKING 2 fuming sapphire potions.
  1566 | D:3      | You fall into a shaft and drop 1 floor!
  1583 | D:4      | Reached XP level 4. HP: 26/36 MP: 4/4
  1721 | D:4      | Found Oniank's Assorted Antiques.
  1727 | D:4      | 1727 ||| BUYING blue potion (17 gold).
  1727 | D:4      | Bought a blue potion for 17 gold pieces
  1727 | D:4      | 1727 ||| SHOPLISTING pearl ring (95 gold, have 74).
  1727 | D:4      | 1727 ||| BUYING scroll labelled HOPRU XEMIADOT (19 gold).
  1727 | D:4      | Bought a scroll labelled HOPRU XEMIADOT for 19 gold pieces
  1727 | D:4      | 1727 ||| BUYING scroll labelled JYFYTH AGIXA (19 gold).
  1727 | D:4      | Bought a scroll labelled JYFYTH AGIXA for 19 gold pieces
  1802 | D:4      | 1802 ||| Stepping ~*~*~tactically~*~*~ (outnumbered).
  1913 | D:4      | 1913 ||| READING scroll labelled HOPRU XEMIADOT.
  1977 | D:4      | 1977 ||| READING scroll labelled JYFYTH AGIXA.
  1978 | D:4      | 1978 ||| DRINKING 2 blue potions.
  1979 | D:4      | 1979 ||| DROPPING potion of invisibility.
  1988 | D:3      | Found a faded altar of an unknown god.
  2011 | D:3      | Reached skill level 5 in Ranged Weapons
  2219 | D:3      | HP: 8/37 [orc priest/+0 trident (2)]
  2225 | D:3      | Reached skill level 3 in Fighting
  2225 | D:3      | Reached XP level 5. HP: 7/45 MP: 5/5
  2394 | D:3      | Noticed Jessica
  2403 | D:3      | Killed Jessica
  2410 | D:3      | Found a shimmering blue altar of Sif Muna.
  2473 | D:3      | Found a bloodstained altar of Trog.
  2599 | D:3      | Found a broken altar of Ashenzari.
  2821 | D:3      | 2821 ||| UPGRADING to amulet of the acrobat.
  2826 | D:3      | 2826 ||| DROPPING ring of wizardry.
  2827 | D:3      | 2827 ||| READING scroll labelled EFUWIU EPTINLO.
  2828 | D:3      | 2828 ||| DRINKING 2 sedimented golden potions.
  2829 | D:3      | 2829 ||| DROPPING potion of degeneration.
  3091 | D:4      | 3091 ||| FLEEEEING.
  3225 | D:4      | Reached skill level 6 in Ranged Weapons
  3236 | D:4      | Reached XP level 6. HP: 51/51 MP: 6/6
  3831 | D:4      | 3831 ||| READING scroll labelled FIETHE PACAOXT.
  3832 | D:4      | 3832 ||| READING scroll labelled WORITH YNIATZ.
  3833 | D:4      | 3833 ||| READING scroll labelled YMESCH UFYSOOR.
  3834 | D:4      | 3834 ||| READING scroll labelled XAXZEO YQYT.
  3835 | D:4      | 3835 ||| DRINKING 2 sedimented orange potions.
  3840 | D:4      | 3840 ||| STAIRDANCE
  3942 | D:3      | 3942 ||| DRINKING 3 metallic blue potions.
  3943 | D:3      | 3943 ||| DROPPING potion of berserk rage.
  3974 | D:5      | Entered Level 5 of the Dungeon
  4014 | D:5      | 4014 ||| FLEEEEING.
  4019 | D:5      | 4019 ||| FLEEEEING.
  4020 | D:5      | 4020 ||| FLEEEEING.
  4021 | D:5      | 4021 ||| FLEEEEING.
  4022 | D:5      | 4022 ||| FLEEEEING.
  4023 | D:5      | 4023 ||| FLEEEEING.
  4024 | D:5      | 4024 ||| FLEEEEING.
  4025 | D:5      | 4025 ||| STAIRDANCE
  4070 | D:5      | 4070 ||| STAIRDANCE
  4072 | D:4      | 4072 ||| DRINKING 3 potions of curing.
  4072 | D:4      | 4072 ||| (to cure confusion)
  4101 | D:5      | 4101 ||| STAIRDANCE
  4152 | D:5      | 4152 ||| STAIRDANCE
  4254 | D:5      | Reached skill level 7 in Ranged Weapons
  4301 | D:5      | Found a radiant altar of Vehumet.
  4368 | D:5      | Reached XP level 7. HP: 59/59 MP: 7/7
  4372 | D:5      | Found a staircase to the Ecumenical Temple.
  4373 | D:5      | 4373 ||| PLANNING TEMPLE
  4373 | D:5      | 4373 ||| UPGRADING to +0 cloak.
  4378 | D:5      | 4378 ||| DRINKING 2 potions of curing.
  4378 | D:5      | 4378 ||| (to cure confusion)
  4383 | D:5      | 4383 ||| DROPPING ring of flight.
  4384 | D:5      | 4384 ||| READING 2 scrolls labelled UZOIKHLIBYTT.
  4385 | D:5      | 4385 ||| READING scroll labelled ZEGHIFUATH.
  4386 | D:5      | 4386 ||| READING 2 scrolls of identify.
  4386 | D:5      | 4386 ||| IDENTIFYING red potion
  4387 | D:5      | 4387 ||| DROPPING scroll of fear.
  4401 | D:5      | Reached skill level 8 in Ranged Weapons
  4409 | Temple   | Entered the Ecumenical Temple
  4410 | Temple   | 4410 ||| PLANNING OKAWARU WORSHIP
  4842 | Temple   | Became a worshipper of Warmaster Okawaru
  4843 | Temple   | 4843 ||| PLANNING D:1-11
  5013 | D:5      | Found a blossoming altar of Fedhas.
  5026 | D:5      | 5026 ||| DRINKING potion of curing.
  5026 | D:5      | 5026 ||| (to cure confusion)
  5039 | D:5      | HP: 10/59 [something/puff of flame (9)]
  5518 | D:6      | Slain by an orc warrior

Levels and vault maps discovered:
D:1:      psy_arrival_conway, layout_loops_cross
D:2:      layout_basic, minmay_strange_pillars, minmay_misc_feat_five
D:3:      layout_basic, lemuel_crystal_altar, tgw_sif,
          mainiacjoe_overflow_small_starburst, shapermc_ecumenical_altar_gd,
          uniq_jessica
D:4:      corexii_shantytown, layout_layer_cave, serial_shops,
          nicolae_shop_rolling_square
D:5:      layout_basic, nicolae_vehumet_radiance, lemuel_doored_altar,
          minmay_temple_entry_grid
D:6:      layout_rooms, uniq_grinder, uniq_duvessa
Temple:   compressed_dpeg_triangle_lava_temple

Skill      XL: |  1  2  3  4  5  6  7 |
---------------+----------------------+-----
Ranged Weapons | 3 4 5 6 7 8 |  8.1
Fighting       | 2 3 4 |  4.0
Armour         | 1 2 |  2.2
Dodging        | |  2.1
Spellcasting   | |  1.0
Hexes          | |  2.0

Action                     |  1- 3 |  4- 6 |  7- 9 || total
---------------------------+-------+-------+-------++-------
   Fire: Sling             |   140 |   232 |    40 ||   412
    Use: Scroll            |     3 |     7 |     3 ||    13
         Potion            |     1 |     5 |     2 ||     8
 Armour: Robe              |    11 |       |       ||    11
         Ring mail         |    12 |    24 |    28 ||    64
  Dodge: Dodged            |    52 |    74 |    25 ||   151

Table legend:
 A = Non-vault XP
 B = Vault XP
 C = Vault XP percentage of total XP
 D = Non-vault monster count
 E = Vault monster count
 F = Vault count percentage of total count
                 A         B        C        D         E       F
            +---------+---------+-------+---------+---------+-------
      Total |     831 |     157 |  15.9 |     101 |      35 |  25.7
            +---------+---------+-------+---------+---------+-------
        D:1 |      62 |       0 |   0.0 |      34 |       0 |   0.0
        D:2 |      26 |       0 |   0.0 |      17 |       0 |   0.0
        D:3 |      91 |      37 |  28.9 |      20 |       1 |   4.8
        D:4 |     107 |     120 |  52.9 |       9 |      34 |  79.1
        D:5 |     545 |       0 |   0.0 |      21 |       0 |   0.0
            +---------+---------+-------+---------+---------+-------
